 Dungeon Crawl Stone Soup version 0.18.1-50-g88ac8fd (console) character file.

231 CALLOUS the Skirmisher (level 6, -1/62 HPs)
             Began as an Ogre Arcane Marksman on Mar 13, 2019.
             Slain by a centaur
             ... wielding a +0 whip
              (3 damage)
             ... on level 4 of the Dungeon.
             The game lasted 01:38:25 (7053 turns).

CALLOUS the Skirmisher (Ogre Arcane Marksman)       Turns: 7053, Time: 01:38:25

Health: -1/62      AC:  3    Str: 19    XL:     6   Next: 4%
Magic:  11/11      EV: 10    Int: 17    God:
Gold:   194        SH:  0    Dex:  9    Spells: 1 memorised, 11 levels left

rFire  . . .     SeeInvis .     a - +0 short sword (drain)
rCold  . . .     Gourm    .     o - +0 robe
rNeg   . . .     Faith    .     (no shield)
rPois  .         Spirit   .     (helmet restricted)
rElec  .         Dismiss  .     (no cloak)
rCorr  .         Reflect  .     (gloves unavailable)
SustAt .         Harm     .     (boots unavailable)
MR     .....                    (no amulet)
Stlth  +.........               (no ring)
                                (no ring)

@: brilliant, drained, not resistant to hostile enchantments, very unstealthy
A: unfitting armour, tough skin 1
a: no special abilities


You were on level 4 of the Dungeon.
You were not hungry.

You visited 1 branch of the dungeon, and saw 5 of its levels.

You collected 194 gold pieces.

Inventory:

Hand Weapons
 a - a +0 short sword of draining (weapon)
 b - a +0 hunting sling
 g - a +0 club
 h - a +0 club
 i - a +0 club
 t - a +0 club
 w - a +0 mace
 y - a cursed -3 club
 D - a +0 club
 F - a +0 club
 L - a +0 club
 M - a +0 club
Missiles
 c - a large rock
 d - 2 throwing nets
 k - 77 stones (quivered)
 p - 35 bolts
 q - 10 poisoned needles
 I - 14 arrows
 K - 18 sling bullets
Armour
 o - a +0 robe (worn)
Jewellery
 v - an uncursed ring of see invisible {unknown}
 G - an uncursed ring of wizardry {unknown}
Scrolls
 l - 3 scrolls of remove curse {unknown}
 C - a scroll of enchant armour {unknown}
 R - a scroll of teleportation {unknown}
Potions
 m - a potion of brilliance
 n - a potion of heal wounds {unknown}
 x - a potion of agility {unknown}
 z - a potion of cure mutation {unknown}
 J - a potion of invisibility {unknown}
 N - a potion of degeneration {unknown}
 P - a potion of haste {unknown}
 Q - a potion of lignification {unknown}
 S - a potion of curing {unknown}
Books
 A - a book of Debilitation

   Spells                             Type                      Level
   a - Corona                         Hexes                        1
   b - Slow                           Hexes                        2
   c - Gell's Gravitas                Hexes/Translocation          3
   d - Inner Flame                    Hexes/Fire                   3
   e - Cause Fear                     Hexes                        4
   f - Leda's Liquefaction            Hexes/Earth                  4
Comestibles
 r - 5 fruits
 s - a bread ration
 O - a royal jelly
 T - 4 chunks of flesh


   Skills:
 * Level 4.0(3.6) Fighting
 * Level 2.4(2.0) Maces & Flails
 + Level 2.2(1.8) Throwing
 + Level 2.9(2.5) Dodging
 + Level 3.8(3.4) Spellcasting
 - Level 2.1(1.7) Hexes


You had 11 spell levels left.
You knew the following spells:

 Your Spells              Type           Power        Failure   Level  Hunger
a - Corona                Hex            ###....      1%          1    None


Dungeon Overview and Level Annotations

Branches:
Dungeon (5/15)
 Temple: D:4-7

Altars:

Annotations:
D:1 1 exclusion
D:2 1 exclusion
D:3 5cgD, exclusion: player ghost, CALLOUS's ghost, amateur GrAs
D:4 5pED5cED, exclusions: centaur and phantom
D:5 5cgED5cED, exclusions: centaur, howler monkey and player ghost, CALLOUS's ghost, novice NaTm


Innate Abilities, Weirdness & Mutations

You are too large for most types of armour.
You have tough skin (AC +1).


Message History

You see here an arrow.
Drink which item? (? for menu, Esc to quit)
Okay, then.
You barely miss the centaur. The orc closely misses you.
The centaur unwields an uncursed shortbow.
The centaur wields an uncursed whip.
The centaur hits you with an uncursed whip!
* * * LOW HITPOINT WARNING * * *
The orc misses you.
You hit the centaur.
The centaur is lightly wounded.
The centaur barely misses you.
The centaur hits you with an uncursed whip!
* * * LOW HITPOINT WARNING * * *
The orc barely misses you.
Drink which item? (? for menu, Esc to quit)
It was a potion of brilliance.
You feel clever all of a sudden.
The centaur hits you with an uncursed whip.
You die...

#####..
###<........####...##.#
.......
.'....(....'รท......#.#
#####..
#.........####...##.# #
#.. #....)>.## ##.###.# #
###.# ##.....## #.....# #
#.... ##...## #.##### #
#.#.# ##'## #.# # #.#.#
#(# #.# ###.#.####### #(#
#.# ............# ##o##
#.# ###.##.####.###.@.##
#.# #.##.####.##.c...# #.#
#.##.##..........# #.#
#.##......####.#.#######.#
#.......### ###.........#
######## ###########


You could see a centaur and an orc.

Vanquished Creatures
  An orc priest (D:4)
  A hound (D:4)
  5 adders
  A shadow imp (D:5)
  2 oozes
  An adder skeleton (D:5)
  A dart slug (D:1)
  7 worms
  A giant gecko (D:1)
  A ball python (D:2)
  4 bats
  3 giant cockroaches
  8 goblins
  12 hobgoblins
  10 jackals
  16 kobolds
  3 quokkas
  9 giant newts
  4 rats
90 creatures vanquished.

Notes
Turn   | Place    | Note
--------------------------------------------------------------
     0 | D:1      | CALLOUS the Ogre Arcane Marksman began the quest for the Orb.
     0 | D:1      | Reached XP level 1. HP: 19/19 MP: 2/2
   146 | D:1      | Reached skill level 2 in Fighting
   376 | D:1      | Reached XP level 2. HP: 24/29 MP: 1/3
  1049 | D:1      | Reached skill level 1 in Maces & Flails
  1326 | D:1      | Reached skill level 3 in Fighting
  1482 | D:1      | Reached XP level 3. HP: 37/37 MP: 3/5
  4013 | D:3      | Noticed CALLOUS's ghost (amateur GrAs)
  4157 | D:3      | Reached XP level 4. HP: 13/45 MP: 4/7
  4610 | D:2      | Found a faded altar to an unknown god.
  5471 | D:2      | Reached XP level 5. HP: 53/53 MP: 7/9
  6375 | D:4      | Noticed a phantom
  6530 | D:5      | Entered Level 5 of the Dungeon
  6688 | D:5      | Noticed CALLOUS's ghost (novice NaTm)
  6808 | D:5      | Noticed a centaur
  6824 | D:4      | Noticed a centaur
  7025 | D:4      | Reached skill level 4 in Fighting
  7025 | D:4      | Reached XP level 6. HP: 60/62 MP: 11/11
  7052 | D:4      | HP: 2/62 [centaur/uncursed whip (11)]
  7053 | D:4      | Slain by a centaur

Skill      XL: |  1  2  3  4  5 |
---------------+----------------+-----
Fighting       | 2 3 4 |  4.0
Maces & Flails | 1 2 |  2.4
Dodging        | 2 |  2.9
Spellcasting   | 2 3 |  3.8
Throwing       | |  2.2
Hexes          | |  2.1

Action                   |  1- 3 |  4- 6 || total
-------------------------+-------+-------++-------
Melee: Unarmed           |   330 |     7 ||   337
       Short sword       |       |    99 ||    99
 Fire: Hunting sling     |    20 |    72 ||    92
Throw: Stone             |    34 |     1 ||    35
       Large rock        |     8 |    12 ||    20
 Cast: Corona            |    41 |    54 ||    95
  Use: Potion            |       |     1 ||     1
  Eat: Chunk             |     8 |    11 ||    19
       Bread ration      |     1 |       ||     1
Armor: Robe              |    83 |    38 ||   121
Dodge: Dodged            |   153 |    63 ||   216
